 Dungeon Crawl Stone Soup version 0.25.0-9-g26727b657a (webtiles) character file.

Game seed: 3837914652452659260

3513 sanka the Spry (level 9, -4/48 (50) HPs)
             Began as a Deep Elf Chaos Knight on June 18, 2020.
             Was an Initiate of Vehumet.
             Succumbed to a death drake's dark miasma
             ... on level 8 of the Dungeon.
             The game lasted 00:22:36 (10101 turns).

sanka the Spry (Deep Elf Chaos Knight)             Turns: 10101, Time: 00:22:36

HP:   -4/48 (50)    AC:  7    Str:  6 (7)  XL:     9   Next: 81%
MP:   6/17          EV: 24    Int: 19 (20) God:    Vehumet [......]
Gold: 1390          SH:  0    Dex: 20 (21) Spells: 12/16 levels left

rFire    . . .     SeeInvis +   a - +0 short sword (chaos)
rCold    . . .     Gourm    .   (no shield)
rNeg     . . .     Faith    .   m - +2 leather armour
rPois    .         Spirit   .   C - +0 helmet
rElec    .         Reflect  .   (no cloak)
rCorr    .         Harm     .   (no gloves)
MR       .....                  r - +0 pair of boots
Stlth    ++........             (no amulet)
HPRegen  0.16/turn              y - ring of see invisible
MPRegen  0.15/turn              s - +6 ring of dexterity

@: lethally poisoned (-4 -> -52), slowed, very slow
A: deterioration 1, weak 1, MP-powered wands
a: Renounce Religion


You were on level 8 of the Dungeon.
You worshipped Vehumet.
Vehumet was noncommittal.
You were not hungry.

You visited 2 branches of the dungeon, and saw 8 of its levels.

You collected 1390 gold pieces.

Inventory:

Hand Weapons
 a - a +0 short sword of chaos (weapon)
 b - a +1 hunting sling of flaming
 f - a +2 dagger of speed
 E - a +2 short sword of speed
 J - a +0 dagger of holy wrath
Missiles
 e - 87 sling bullets
 k - 134 arrows
 n - 187 stones (quivered)
 B - 7 boomerangs
 P - 4 javelins
Armour
 m - a +2 leather armour (worn)
 r - a +0 pair of boots (worn)
 C - a +0 helmet (worn)
 N - +0 acid dragon scales
Jewellery
 d - an uncursed ring of resist corrosion
 s - a +6 ring of dexterity (right hand)
 y - a ring of see invisible (left hand)
Wands
 j - a wand of acid (5)
 G - a wand of polymorph (7)
 I - a wand of clouds (6)
Scrolls
 i - 2 scrolls of teleportation
 l - 2 scrolls of magic mapping
 v - 2 scrolls of immolation {unknown}
 x - 3 scrolls of remove curse
 z - a scroll of amnesia {unknown}
 H - a scroll of noise {unknown}
 L - 2 scrolls of fear
 M - a scroll of fog {unknown}
 O - a scroll of blinking {unknown}
Potions
 g - a potion of haste
 h - a potion of flight
 o - a potion of berserk rage {unknown}
 p - a potion of invisibility {unknown}
 q - 3 potions of magic {unknown}
 t - a potion of lignification
 u - a potion of brilliance
 w - a potion of cancellation
 A - a potion of degeneration {unknown}
 D - a potion of curing
 K - 3 potions of stabbing {unknown}
 Q - a potion of mutation {unknown}
Comestibles
 c - 8 rations


   Skills:
 - Level 3.0 Fighting
 - Level 4.0 Short Blades
 - Level 1.0 Armour
 + Level 16.5 Dodging
 + Level 4.3 Spellcasting
 + Level 3.6 Summonings
 + Level 3.5 Ice Magic


You had 12 spell levels left.
You knew the following spells:

 Your Spells              Type           Power        Failure   Level  Hunger
a - Summon Ice Beast      Ice/Summ       ###.....     43%         4    ####...

Your spell library contained the following spells:

 Spells                   Type           Power        Failure   Level  Hunger
 Summon Small Mammal      Summ           ###.         4%          1    None
 Call Imp                 Summ           ###.....     7%          2    #......
 Call Canine Familiar     Summ           ###.....     14%         3    ###....
 Summon Guardian Golem    Hex/Summ       ##......     30%         3    ###....
 Summon Lightning Spire   Summ/Air       ##......     69%         4    ####...


Dungeon Overview and Level Annotations

Branches:
Dungeon (8/15)             Temple (1/1) D:6
   Lair: D:8-11

Altars:
Ashenzari
Hepliaklqana
Nemelex Xobeh
Okawaru
Trog
Vehumet
Xom
The Shining One


Innate Abilities, Weirdness & Mutations

Your body sometimes deteriorates upon taking damage.
You are weak. (Str -2)
You expend magic power (3 MP) to strengthen your wands.


Message History

You are engulfed in dark miasma.
You are poisoned.
You feel your flesh rotting away!
You feel sick. The death drake barely misses you.
You barely miss the death drake.
The death drake is heavily wounded.
You are engulfed in dark miasma.
You are lethally poisoned!
You feel yourself slow down.
* * * LOW HITPOINT WARNING * * *
You feel very sick. The death drake barely misses you.
Unknown command.
Unknown command.
Unknown command.
You are engulfed in dark miasma.
You are more poisoned.
You feel your flesh rotting away!
* * * LOW HITPOINT WARNING * * *
Your body deteriorates!
You feel clumsy.
You die...
Xom snickers!

#.# #.## #..#
##.# . #.###
#(#
#...######
.H.
###.##...#
#.. #..°°°.#
#..######@..#
#..§§☼k°°..#
########°°.#
#°°.# #...#
#####


You could see a death drake shaped shifter (strong, catching breath, corroded).

Vanquished Creatures
  Maggie (D:6)
  A hippogriff (D:7)
  A hungry ghost (D:4)
  Edmund (D:6)
  Duvessa (D:6)
  An orc warrior (D:7)
  A phantom (D:4)
  3 black bears
  A necrophage (D:6)
  3 slaves (D:6)
  A centaur (D:7)
  3 ogres
  3 bullfrogs
  Blork the orc (D:6)
  4 scorpions
  Dowan (D:6)
  A howler monkey (D:7)
  A bullfrog zombie (D:7)
  3 hounds
  An orc priest (D:3)
  5 orc wizards
  An iguana (D:4)
  3 worker ants
  A hound skeleton (D:4)
  A worker ant zombie (D:8)
  8 gnolls
  3 adders
  An ooze (D:3)
  3 worms
  4 leopard geckos
  9 orcs
  A ball python (D:1)
  7 bats
  5 giant cockroaches
  5 goblins
  6 hobgoblins
  3 jackals (D:1)
  4 kobolds
  3 quokkas
  5 frilled lizards
  2 leopard gecko skeletons (D:4)
  7 rats
120 creatures vanquished.

Vanquished Creatures (others)
  A bullfrog zombie (D:3)
1 creature vanquished.

Grand Total: 121 creatures vanquished

Notes
Turn   | Place    | Note
-------+----------+-------------------------------------------
     0 | D:1      | sanka the Deep Elf Chaos Knight began the quest for the
                  | Orb.
     0 | D:1      | Reached XP level 1. HP: 13/13 MP: 3/3
   111 | D:1      | Reached skill level 1 in Armour
   120 | D:1      | XOM: divination: detect creatures
   191 | D:1      | Reached XP level 2. HP: 18/18 MP: 4/4
   196 | D:1      | XOM: divination: detect items
   305 | D:1      | XOM: divination: magic mapping
   512 | D:1      | XOM: divination: detect items
   516 | D:1      | Reached skill level 3 in Dodging
   949 | D:1      | XOM: god gift: 1110 gold pieces
  1007 | D:2      | Reached XP level 3. HP: 18/22 MP: 5/5
  1015 | D:2      | Found a shimmering altar of Xom.
  1064 | D:2      | XOM: give mutations
  1064 | D:2      | Gained mutation: Your body sometimes deteriorates upon
                  | taking damage. [Xom's mischief]
  1064 | D:2      | Gained mutation: You are weak. (Str -2) [Xom's mischief]
  1462 | D:2      | Found a glowing golden altar of the Shining One.
  1546 | D:2      | XOM: scenery: create altars
  1853 | D:3      | Found a faded altar of an unknown god.
  1861 | D:3      | Noticed a bullfrog
  1866 | D:3      | XOM: cleaving
  1868 | D:3      | XOM: fake destruction
  1871 | D:3      | Killed a bullfrog
  1871 | D:3      | Reached skill level 4 in Dodging
  1871 | D:3      | Reached XP level 4. HP: 16/28 MP: 6/6
  2082 | D:3      | XOM: polymorph adder -> ooze
  2197 | D:3      | Reached XP level 5. HP: 25/32 MP: 7/7
  2307 | D:3      | Reached skill level 5 in Dodging
  2477 | D:3      | XOM: 1-stop teleportation journey
  2483 | D:3      | XOM: confuse monster(s)
  2499 | D:3      | XOM: confusion (+ monsters)
  2521 | D:3      | Reached skill level 6 in Dodging
  2608 | D:3      | XOM: god gift: wand of acid (10)
  3116 | D:3      | Reached XP level 6. HP: 29/37 MP: 8/8
  3136 | D:3      | XOM: enchant monster (bad)
  3536 | D:3      | Reached skill level 7 in Dodging
  3705 | D:3      | XOM: divination: magic mapping
  4014 | D:4      | Noticed a hungry ghost
  4027 | D:4      | Killed a hungry ghost
  4027 | D:4      | Reached skill level 8 in Dodging
  4027 | D:4      | Reached XP level 7. HP: 34/41 MP: 9/9
  4106 | D:4      | XOM: divination: detect items
  4151 | D:4      | Paralysed by fainting for 10 turns
  4230 | D:4      | XOM: divination: detect items
  4258 | D:4      | XOM: cloud trail
  4400 | D:4      | Reached skill level 9 in Dodging
  4414 | D:4      | Learned a level 4 spell: Summon Ice Beast
  4577 | D:4      | XOM: potion effect (experience)
  4577 | D:4      | Reached skill level 16 in Dodging
  4577 | D:4      | Reached XP level 8. HP: 30/46 MP: 10/10
  4584 | D:4      | XOM: potion effect (curing)
  4590 | D:4      | XOM: silly message
  4873 | D:4      | XOM: potion effect (brilliance)
  4892 | D:4      | XOM: noise
  4926 | D:4      | Reached skill level 1 in Spellcasting
  4992 | D:4      | You fall into a shaft and drop 2 floors!
  4992 | D:6      | Found a shattered altar of Ashenzari.
  5017 | D:6      | Reached skill level 1 in Summonings
  5019 | D:6      | XOM: 1-stop teleportation journey
  5021 | D:6      | Found a staircase to the Ecumenical Temple.
  5024 | D:6      | Reached skill level 1 in Ice Magic
  5103 | D:6      | Noticed Duvessa
  5105 | D:6      | Noticed Dowan
  5126 | D:6      | XOM: summons friendly quasit
  5131 | D:6      | XOM: swap monsters
  5141 | D:6      | Killed Dowan
  5143 | D:6      | XOM: butterfly on damage
  5148 | D:6      | Killed Duvessa
  5251 | D:6      | XOM: stat loss: -1 Dex (19/21)
  5505 | D:6      | XOM: cleaving
  5512 | D:6      | Reached XP level 9. HP: 13/50 MP: 14/14
  5539 | Temple   | XOM: noise
  5539 | Temple   | Entered the Ecumenical Temple
  5732 | Temple   | XOM: 1-stop teleportation journey
  5737 | Temple   | Fell from the grace of Xom
  5737 | Temple   | Became a worshipper of Vehumet
  7324 | D:6      | Found a shattered altar of Ashenzari.
  7521 | D:6      | Noticed Maggie
  7546 | D:6      | Killed Maggie
  7743 | D:6      | Noticed Blork the orc
  7764 | D:6      | Killed Blork the orc
  7867 | D:6      | XOM: give mutation
  7867 | D:6      | Gained mutation: You expend magic power (3 MP) to
                  | strengthen your wands. [Xom's mischief]
  7999 | D:6      | Noticed Edmund
  8072 | D:6      | Killed Edmund
  8849 | D:7      | XOM: noise
  8914 | D:7      | Noticed Pikel
  8988 | D:6      | XOM: summons 2 hostile shadow creatures
  9050 | D:7      | Noticed Pikel
  9050 | D:7      | Pikel changed into Pikel the black bear
  9061 | D:7      | XOM: enchant monster (bad)
  9124 | D:6      | Killed Pikel the black bear
  9398 | D:7      | Found an iron altar of Okawaru.
  9599 | D:7      | Found a bloodstained altar of Trog.
  9750 | D:7      | XOM: god gift: ring mail {god gift}
 10044 | D:8      | Found a hazy altar of Hepliaklqana.
 10088 | D:8      | Noticed a glowing shapeshifter
 10088 | D:8      | a hog changed into a glowing shapeshifter
 10089 | D:8      | Noticed a death drake
 10089 | D:8      | a glowing shapeshifter changed into a death drake
 10101 | D:8      | HP: 1/48 [death drake (glowing shapeshifter)] (12)]
 10101 | D:8      | Succumbed to a death drake's dark miasma

Illustrated notes

Levels and vault maps discovered:
D:1:      dpeg_arrival_prison, layout_rooms
D:2:      layout_loops_ring, old_standard_altar, tso_oasis_becter
D:3:      layout_loops_corners, chequers_ecumenical_altar_island, first_ration
D:4:      layout_loops_corners, gammafunk_ghost_necromancy,
          minmay_joined_circles
D:6:      layout_loops_ring, lemuel_doored_altar, minmay_temple_entry_wispy,
          nicolae_ashenzari_panopticon, uniq_maggie, uniq_duvessa,
          uniq_blork_the_orc, uniq_edmund
D:7:      layout_cave_pools, lightli_temple_of_fire, grunt_decor_one_mirror,
          okawaru_ov_weapons_minmay, uniq_pikel
D:8:      wander_river, layout_rooms, kennysheep_mini_moat
Temple:   hc_temple_tempest_star

Skill      XL: |  1  2  3  4  5  6  7  8  9 |
---------------+----------------------------+-----
Armour         | 1 |  1.0
Dodging        | 3 4 6 8 16 | 16.5
Fighting       | 3 |  3.0
Short Blades   | 4 |  4.0
Spellcasting   | 2 4 |  4.3
Summonings     | 1 3 |  3.6
Ice Magic      | 1 3 |  3.5

Action                   |  1- 3 |  4- 6 |  7- 9 || total
-------------------------+-------+-------+-------++-------
Melee: Short sword       |   142 |   185 |   518 ||   845
       Dagger            |     2 |       |       ||     2
       Unarmed           |       |       |     1 ||     1
 Fire: Hunting sling     |     6 |    27 |     7 ||    40
Throw: Stone             |       |     3 |     2 ||     5
Evoke: Wand              |       |       |     6 ||     6
  Use: Scroll            |     7 |       |     2 ||     9
       Potion            |       |     1 |     5 ||     6
 Stab: Confused          |     2 |     1 |     4 ||     7
       Sleeping          |     1 |     1 |       ||     2
       Paralysed         |       |     1 |    17 ||    18
       Petrified         |       |       |     8 ||     8
       Petrifying        |       |       |     4 ||     4
  Eat: Chunk             |     2 |     8 |    12 ||    22
       Ration            |       |       |     3 ||     3
Armor: Leather armour    |    54 |    49 |    68 ||   171
       Skin              |       |       |     1 ||     1
Dodge: Dodged            |    84 |    98 |   487 ||   669
